 Dungeon Crawl Stone Soup version 0.23-a0-767-gdc19b93d68 (webtiles) character file.

1861089 Flugkiller the Wrestler (level 25, 274/274 HPs)
             Began as a Demonspawn Fighter on Jan 23, 2019.
             Was the Champion of Cheibriados.
             Escaped with the Orb
             ... and 3 runes!
             The game lasted 01:47:30 (55017 turns).

Flugkiller the Wrestler (Demonspawn Fighter)       Turns: 55017, Time: 01:47:30

Health: 274/274    AC: 37    Str: 38    XL:     25   Next: 86%
Magic:  34/34      EV: 30    Int: 25    God:    Cheibriados [******]
Gold:   4695       SH: 23    Dex: 36    Spells: 26/30 levels left

rFire    + . .     SeeInvis .     - Unarmed
rCold    + + .     Gourm    .   p - +5 shield {AC+3}
rNeg     . . .     Faith    .   N - +13 plate armour "Katreraw" {rElec}
rPois    +         Spirit   .   (helmet unavailable)
rElec    +         Reflect  .   V - +2 cloak {rPois}
rCorr    .         Harm     .   K - +0 pair of fencer's gloves {Riposte Dex+3}
MR       ++...                  t - +2 pair of boots
Stlth    ..........             s - amulet of Vitality {Regen+ HP+15}
HPRegen  0.95/turn              X - ring of protection from magic
MPRegen  0.24/turn              g - ring "Borri" {rElec rF+ rC++ Int+2 Stlth-}

@: very slow
A: horns 3, blurry vision 2, deformed body, deterioration 1, dopey 1, foul
stench 2, robust 2, spiny 3, rot immunity, subdued magic 1, sturdy frame 3
0: Orb of Zot
}: 3/15 runes: decaying, serpentine, abyssal
a: Bend Time, Temporal Distortion, Slouch, Step From Time, Renounce Religion


You escaped.
You worshipped Cheibriados.
Cheibriados was exalted by your worship.
You were not hungry.

You visited 9 branches of the dungeon, and saw 48 of its levels.
You visited the Abyss 1 time.
You also visited: Ossuary, Bailey, Ice Cave and Volcano.

You collected 6730 gold pieces.
You spent 2035 gold pieces at shops.

Inventory:

Missiles
 B - 7 throwing nets (quivered)
Armour
 p - a +5 shield of protection (worn)
   (You found it on level 2 of the Dungeon)
 t - a +2 pair of boots (worn)
   (You found it on level 3 of the Dungeon)
 A - a +2 cloak
   (You took it off Crazy Yiuf on level 7 of the Dungeon)
 K - the +0 pair of fencer's gloves (worn) {Riposte Dex+3}
   (You acquired it on level 3 of the Depths)

   It affects your dexterity (+3).
 N - the +13 plate armour "Katreraw" (worn) {rElec}
   (You found it on level 3 of the Vaults)

   It insulates you from electricity.
 V - a +2 cloak of poison resistance (worn)
   (You found it in a bailey)
Jewellery
 d - the ring "Qong" {rElec EV+3}
   (You bought it in a shop on level 2 of the Orcish Mines)

   [ring of evasion]

   It affects your evasion (+3).
   It insulates you from electricity.
 g - the ring "Borri" (right hand) {rElec rF+ rC++ Int+2 Stlth-}
   (You took it off a deep elf mage on level 3 of the Elven Halls)

   [ring of attention]

   It affects your intelligence (+2).
   It protects you from fire.
   It greatly protects you from cold.
   It insulates you from electricity.
   It makes you less stealthy.
 i - an uncursed ring of see invisible
   (You acquired it on level 12 of the Dungeon)
 s - the amulet of Vitality (around neck) {Regen+ HP+15}
   (You found it on level 4 of the Depths)

   [amulet of regeneration]

   It affects your health (+15).
   It increases your rate of regeneration.
 I - an uncursed ring of protection from cold
   (You took it off a centaur on level 9 of the Dungeon)
 U - an uncursed ring of protection from fire
   (You bought it in a shop on level 2 of the Orcish Mines)
 X - a ring of protection from magic (left hand)
   (You found it on level 2 of the Swamp)
Wands
 a - a wand of disintegration (9)
   (You found it on level 7 of the Dungeon)
 n - a wand of enslavement (11)
   (You found it on level 5 of the Realm of Zot)
 v - a wand of scattershot (8)
   (You took it off Ijyb on level 5 of the Dungeon)
 x - a wand of iceblast (75)
   (You found it on level 8 of the Dungeon)
 y - a wand of digging (16)
   (You took it off an orc on level 6 of the Dungeon)
 E - a wand of acid (28)
   (You found it on level 4 of the Lair of Beasts)
 G - a wand of paralysis (19)
   (You found it on level 10 of the Dungeon)
 Y - a wand of clouds (13)
   (You found it on level 1 of the Swamp)
Scrolls
 b - 15 scrolls of blinking
 f - a scroll of summoning
 h - 28 scrolls of teleportation
 l - 8 scrolls of amnesia
 r - 28 scrolls of remove curse
 z - 7 scrolls of fear
 F - 7 scrolls of immolation
 H - 5 scrolls of vulnerability
 P - 5 scrolls of silence
 R - 5 scrolls of identify
Potions
 e - 26 potions of curing
 j - 7 potions of agility
 k - 16 potions of flight
 m - 13 potions of brilliance
 o - a potion of heal wounds
 q - 8 potions of ambrosia
 w - 3 potions of magic
 C - 7 potions of lignification
 D - 3 potions of resistance
 M - 3 potions of might
 S - 3 potions of cancellation
 W - 3 potions of invisibility
Miscellaneous
 L - a lamp of fire (inert)
   (You found it on level 11 of the Dungeon)
 Z - 3 phantom mirrors
Comestibles
 c - 76 rations


   Skills:
 + Level 21.8 Fighting
 + Level 15.5 Armour
 + Level 15.5 Dodging
 - Level 15.0 Shields
 + Level 23.6 Unarmed Combat
 - Level 3.0 Spellcasting
 - Level 4.4 Charms
 - Level 5.3 Necromancy
 - Level 15.0 Invocations


You had 26 spell levels left.
You knew the following spells:

 Your Spells              Type           Power        Failure   Level  Hunger
a - Regeneration          Chrm/Necr      ###.......   6%          3    ###....
b - Apportation           Tloc           #.....       16%         1    None

Your spell library contained the following spells:

 Spells                   Type           Power        Failure   Level  Hunger
 Animate Skeleton         Necr           N/A          1%          1    None
 Infusion                 Chrm           ###.         2%          1    None
 Song of Slaying          Chrm           ###.....     3%          2    ##.....
 Shroud of Golubria       Chrm/Tloc      ##........   9%          2    ##.....
 Swiftness                Chrm/Air       ##......     9%          2    ##.....
 Confusing Touch          Hex            #.....       16%         1    None
 Corona                   Hex            #......      16%         1    None
 Magic Dart               Conj           #...         16%         1    None
 Sandblast                Erth           #.....       16%         1    None
 Summon Small Mammal      Summ           #...         16%         1    None
 Ozocubu's Armour         Chrm/Ice       ##......     19%         3    ###....
 Spectral Weapon          Hex/Chrm       ##......     19%         3    ###....
 Blink                    Tloc           N/A          22%         2    ##.....
 Call Imp                 Summ           #.......     22%         2    ##.....
 Ensorcelled Hibernation  Hex/Ice        #.....       22%         2    ##.....
 Passwall                 Tmut/Erth      #.......     22%         2    ##.....
 Slow                     Hex            #.......     22%         2    ##.....
 Call Canine Familiar     Summ           #.......     43%         3    ###....
 Confuse                  Hex            #.......     43%         3    ###....
 Conjure Flame            Conj/Fire      #.......     43%         3    ###....
 Dazzling Spray           Conj/Hex       #.....       43%         3    ###....
 Gell's Gravitas          Tloc           #.........   43%         3    ###....
 Ignite Poison            Fire/Tmut/Pois #.......     43%         3    ###....
 Inner Flame              Hex/Fire       #.......     43%         3    ###....
 Mephitic Cloud           Conj/Pois/Air  #.......     43%         3    ###....
 Portal Projectile        Hex/Tloc       #.....       43%         3    ###....
 Recall                   Summ/Tloc      N/A          43%         3    ###....
 Stone Arrow              Conj/Erth      #.....       43%         3    ###....
 Summon Guardian Golem    Hex/Summ       #.......     43%         3    ###....
 Tukima's Dance           Hex            #.......     43%         3    ###....
 Cause Fear               Hex            #.........   85%         4    ####...
 Force Lance              Conj/Tloc      #.......     85%         4    ####...
 Leda's Liquefaction      Hex/Erth       #.........   85%         4    ####...
 Petrify                  Tmut/Erth      #.......     85%         4    ####...
 Summon Ice Beast         Ice/Summ       #.......     85%         4    ####...
 Summon Lightning Spire   Summ/Air       #.......     85%         4    ####...
 Iskenderun's Battlesphe  Conj/Chrm      ##......     88%         5    ######.
 Aura of Abjuration       Summ           #.........   99%         5    ######.
 Bolt of Magma            Conj/Fire/Erth #.........   99%         5    ######.
 Fireball                 Conj/Fire      #.........   99%         5    ######.
 Lee's Rapid Deconstruct  Erth           #.........   99%         5    ######.
 Metabolic Englaciation   Hex/Ice        #.........   99%         5    ######.
 Silence                  Hex/Air        #.........   99%         5    ######.
 Summon Demon             Summ           #.........   99%         5    ######.
 Summon Forest            Summ/Tloc      #.........   99%         5    ######.
 Summon Mana Viper        Hex/Summ       #.......     99%         5    ######.
 Venom Bolt               Conj/Pois      #.........   99%         5    ######.
 Yara's Violent Unravell  Hex/Tmut       #.........   99%         5    ######.
 Bolt of Fire             Conj/Fire      #.........   100%        6    #######
 Darkness                 Hex            #.........   100%        6    #######
 Deflect Missiles         Chrm/Air       ##........   100%        6    #######
 Dispersal                Tloc           #.........   100%        6    #######
 Invisibility             Hex            #.......     100%        6    #######
 Iron Shot                Conj/Erth      #.........   100%        6    #######
 Shadow Creatures         Summ           N/A          100%        6    #######
 Statue Form              Tmut/Erth      #........    100%        6    #######
 Orb of Destruction       Conj           #.........   100%        7    #######
 Ring of Flames           Chrm/Fire      ##........   100%        7    #######
 Spellforged Servitor     Conj/Summ      #.........   100%        7    #######
 Controlled Blink         Tloc           N/A          100%        8    #######
 Discord                  Hex            #.........   100%        8    #######
 Disjunction              Tloc           #.........   100%        8    #######
 Ignition                 Fire           #.........   100%        8    #######
 Shatter                  Erth           #.........   100%        9    #######
 Passage of Golubria      Tloc           Unusable     N/A         4    N/A

Dungeon Overview and Level Annotations

Branches:
Dungeon (15/15)            Temple (0/1) D:7            Lair (6/6) D:8
  Swamp (4/4) Lair:3        Snake (4/4) Lair:3        Slime (0/5) Lair:6
    Orc (2/2) D:12            Elf (3/3) Orc:2        Vaults (4/5) D:14
  Crypt (0/3) Vaults:2     Depths (5/5) D:15            Zot (5/5) Depths:5

Altars:
Ashenzari
Cheibriados
Dithmenos
Elyvilon
Fedhas
Kikubaaqudgha
Makhleb
Nemelex Xobeh
Ru
Trog
Vehumet
Wu Jian
Zin
Beogh

Shops:
D:14 ?   Orc:1 :!%   Orc:2 [(=*=   Elf:2 (   Snake:2 !?(*   Snake:4 [:(
Vaults:1 (   Vaults:3 !   Vaults:4 *   Depths:2 :

Portals:
Hell: Depths:1 Depths:2 Depths:3 Depths:4 Depths:5
Abyss: Depths:2 Depths:3 Depths:4
Pandemonium: Depths:1 Depths:3 Depths:5
Ziggurat: Depths:1

Annotations:
D:2 Sigmund
Lair:5 exclusion: 3 oklob plants
Lair:6 3 runed doors, Morbidden's ghost, journeyman VSFi
Snake:4 exclusion: oklob plant
Elf:2 3 runed doors
Vaults:1 3 runed doors, Qyisuosupp's ghost, adept MiBe
Depths:1 exclusion: daeva
Depths:3 6 runed doors
Zot:5 3 runed doors, Flugkiller's ghost, legendary VSFi


Innate Abilities, Weirdness & Mutations

You have a pair of large horns on your head.
You frequently emit foul miasma when damaged in melee.
You are very robust. (+20% HP)
You are completely covered in sharp spines.
You are immune to rotting.
Your movements are significantly less encumbered by armour. (ER -6)
Scrolls take you longer to read.
Armour fits poorly on your strangely shaped body.
Your body sometimes deteriorates upon taking damage.
You are dopey. (Int -2)
Your spells are a little easier to cast, but a little less powerful.


Message History

Unknown command.
The blizzard demon gestures at you. The bolt of lightning misses you.
The blizzard demon gestures at you. The freezing blast misses you.
The blizzard demon is engulfed in freezing vapours.
The blizzard demon completely misses you.
You block the blizzard demon's attack.
You pound the blizzard demon into fine dust!!!
You kill the blizzard demon!
Cheibriados appreciates the change of pace.
You are engulfed in freezing vapours.
You resist.
No target in view!
No target in view!
(D) Dungeon (T) Temple (L) Lair (S) Swamp (P) Snake Pit (M) Slime Pits (O) Orcish Mines (E) Elven Halls (V) Vaults (C) Crypt (U) Depths (H) Hell (Z) Zot
Where to? (Enter - D:1 @ (x,y), ? - help) You're standing in a cloud of freezing vapour!
Unknown command.
You are engulfed in freezing vapours.
You resist.
Really walk into that cloud of freezing vapour? [Y]es or [N]o only, please.
Really walk into that cloud of freezing vapour? [Y]es or [N]o only, please.
Really walk into that cloud of freezing vapour?
Okay, then.
(D) Dungeon (T) Temple (L) Lair (S) Swamp (P) Snake Pit (M) Slime Pits (O) Orcish Mines (E) Elven Halls (V) Vaults (C) Crypt (U) Depths (H) Hell (Z) Zot
Where to? (Enter - D:1 @ (x,y), ? - help)
The demigod shouts!
The octopode shouts!
There is an open door here.
The elf shouts!
The naga shouts!
The kobold shouts!
The tengu shouts!
The vine stalker shouts!
The draconian roars!
The formicid twitches its antennae in your direction.
The minotaur bellows!
The dwarf shouts!
The human shouts!
The halfling shouts!
The orc shouts!
The felid hisses angrily.
The merfolk shouts!
The spriggan shouts!
The ogre shouts!
There is an open door here.
There is a staircase leading out of the dungeon here.
Enter note: gg You have escaped!

#
#.........###.###......#...#..
#
#######.###.#.#o###.....###...
# #...###.###...#.........
#####h#.#m###...####.###
###.### ##### #.... #i#.#O#
##### ###'### #...# #.@.#
#####


There were no monsters in sight!

Vanquished Creatures
  4 orbs of fire (Zot:5)
  3 juggernauts
  5 ancient liches (Zot:5)
  A greater mummy (Depths:4)
  Sojobo (Vaults:3)
  8 Killer Klowns
  2 pandemonium lords
  Vashnia (Snake:2)
  Saint Roka (Vaults:4)
  2 curse toes
  A caustic shrike (Depths:3)
  3 golden dragons
  A bone dragon (Depths:5)
  A Tzitzimitl (Depths:2)
  7 liches
  2 electric golems (Zot:5)
  7 tentacled monstrosities
  2 deep elf blademasters (Elf:3)
  29 Orb Guardians
  2 quicksilver dragons
  2 deep elf master archers (Elf:3)
  An Executioner (Abyss:2)
  2 death cobs
  5 sphinxes (Depths:4)
  4 thorn hunters
  4 storm dragons
  4 shadow dragons
  Agnes (Snake:2)
  2 tengu reavers
  5 fire giants
  5 vault wardens
  3 draconian monks
  9 frost giants
  11 deep elf sorcerers
  7 nagarajas (Snake:4)
  A draconian knight (Zot:4)
  An orc warlord (Orc:2)
  A draconian scorcher (Zot:2)
  Louise (D:15)
  3 deep elf elementalists
  4 draconian shifters
  2 spriggan defenders
  The ghost of PikkenKukken the Fighter, a journeyman OgTm of Okawaru (Lair:4)
  2 draconian stormcallers
  23 stone giants
  16 very ugly things
  4 draconian annihilators
  11 ironheart preservers
  2 entropy weavers (Vaults:4)
  A blood saint (D:14)
  3 white draconians
  A corrupter (D:14)
  4 spark wasps
  4 deep elf demonologists
  4 black draconians (Zot:4)
  5 green draconians
  3 red draconians
  4 purple draconians
  5 yellow draconians
  7 deep elf annihilators
  6 deep elf death magi
  Snorg (D:13)
  6 yaktaur captains
  17 ettins
  2 blizzard demons
  3 mummy priests (Depths:4)
  5 jiangshi
  A crystal guardian (Vaults:4)
  10 fire dragons
  A green death (D:3)
  9 great orbs of eyes
  2 deep elf high priests
  24 hydras
  4 spriggan air magi
  3 rakshasas
  8 ice dragons
  8 vault guards
  2 hell beasts
  17 naga warriors
  5 anacondas
  8 centaur warriors
  2 death knights
  2 shambling mangroves (Swamp:4)
  16 alligators
  19 two-headed ogres
  16 deep troll shamans
  7 tengu warriors
  17 naga sharpshooters
  17 dancing weapons
  9 ogre magi
  20 deep troll earth magi
  5 vampire magi
  3 shock serpents
  2 orc high priests
  4 spriggan berserkers
  14 spriggans
  A soul eater (Depths:5)
  18 deep elf knights
  3 wretched stars
  2 sun demons
  4 hell knights
  A sixfirhy (Depths:5)
  8 skeletal warriors
  5 iron trolls
  7 large abominations
  3 salamander mystics
  5 spriggan druids
  A shadow wraith (Vaults:4)
  8 unseen horrors
  An infernal demonspawn (D:14)
  4 naga ritualists
  A sea snake (shapeshifter) (D:14)
  6 wizards
  6 glowing orange brains
  51 deep trolls
  10 swamp dragons
  A flayed ghost (Vaults:3)
  8 deep elf archers
  7 ironbrand convokers
  2 lindwurms (Volcano)
  8 necromancers
  15 orc knights
  A tengu zombie (Vaults:2)
  66 deep elf magi
  31 ugly things
  11 oklob plants (Zot:4)
  3 fire giant zombies
  The ghost of hemabe the Charlatan, a novice HuAr (D:4)
  6 orc sorcerers
  A stone giant zombie (Abyss:2)
  A wolf spider (Vaults:3)
  20 salamanders
  A salamander (shapeshifter) (Vaults:2)
  A worldbinder (Abyss:2)
  6 mana vipers
  5 elephants
  A frost giant skeleton (Abyss:2)
  2 manticores
  32 slime creatures
  7 moths of wrath
  3 starcursed masses (Abyss:2)
  3 cyclopes
  2 elephants (shapeshifter) (D:15)
  3 guardian serpents
  A guardian serpent (shapeshifter) (Vaults:1)
  Maurice (D:6)
  An apocalypse crab (Abyss:2)
  Joseph (D:9)
  13 naga magi
  An eye of devastation (Abyss:2)
  23 black mambas
  A black mamba (shapeshifter) (Vaults:4)
  5 gargoyles
  An ice statue (IceCv)
  8 vault sentinels
  A spiny frog (shapeshifter) (Elf:3)
  3 molten gargoyles (Volcano)
  A smoke demon (Depths:1)
  30 spiny frogs
  28 yaktaurs
  A hellion (D:12)
  3 rime drakes
  A hellwing (Depths:5)
  4 efreet
  16 freezing wraiths
  A yaktaur zombie (Vaults:3)
  3 ice devils
  4 guardian mummies (Depths:4)
  A human skeleton (Vaults:1)
  5 tengu conjurers
  2 tormentors
  8 komodo dragons
  2 ancient zymes (Abyss:2)
  3 meliai (Abyss:3)
  A queen bee (Abyss:3)
  7 trolls
  Grinder (D:3)
  9 tyrant leeches
  22 hornets
  A troll (shapeshifter) (Vaults:1)
  A polar bear (Lair:1)
  A sphinx simulacrum (Vaults:1)
  35 blink frogs
  A dream sheep (shapeshifter) (Vaults:3)
  A spriggan zombie (Depths:2)
  8 hippogriffs
  A frost giant simulacrum (Depths:3)
  4 bog bodies
  4 dream sheep (Lair:5)
  A redback (Vaults:4)
  An air elemental (Elf:3)
  A wraith (Vaults:1)
  A tarantella (Vaults:4)
  A shadow (Abyss:2)
  8 wyverns
  39 yaks
  7 water elementals
  A ynoxinul (Abyss:2)
  4 fire elementals
  A hog (shapeshifter) (Vaults:1)
  A golden eye (shapeshifter) (Vaults:3)
  A death yak simulacrum (IceCv)
  A steam dragon (D:10)
  2 neqoxecs
  A hungry ghost (D:9)
  Menkaure (D:6)
  2 chaos spawn
  17 vampire mosquitoes
  15 insubstantial wisps
  56 nagas
  2 wargs (Orc:1)
  15 swamp worms
  10 water moccasins
  7 small abominations
  8 hydra simulacra (Depths:2)
  An ogre zombie (Vaults:1)
  An acid dragon (D:14)
  43 orc warriors
  16 porcupines
  15 swamp drakes
  A black bear (D:13)
  3 eyes of draining
  2 phantoms
  6 sky beasts
  17 ice beasts
  14 crocodiles
  18 wolves
  3 boggarts (D:15)
  34 ogres
  18 centaurs
  2 big kobolds
  25 bullfrogs
  A gnoll sergeant (D:12)
  8 earth elementals
  5 scorpions
  2 human simulacra
  9 killer bees
  An orc simulacrum (Vaults:2)
  6 wights
  9 howler monkeys
  3 electric eels
  7 crimson imps
  3 centaur zombies
  6 quasits
  3 iron imps
  4 human zombies
  7 jellies
  2 bullfrog zombies
  5 centaur skeletons
  4 draconian simulacra (IceCv)
  6 hounds
  20 orc priests
  30 orc wizards
  Crazy Yiuf (D:7)
  Terence (D:2)
  4 bullfrog skeletons
  4 iguanas
  Ijyb (D:5)
  Natasha (thrice) (D:3)
  8 hell rats (Lair:3)
  11 worker ants
  A polar bear simulacrum (IceCv)
  2 troll simulacra (IceCv)
  2 wolf simulacra (IceCv)
  A big kobold zombie (Ossuary)
  5 centaur simulacra
  7 mummies
  2 worker ant zombies
  10 adders
  3 gnolls (D:12)
  16 river rats (Lair:3)
  5 naga simulacra (IceCv)
  5 ogre simulacra (IceCv)
  9 shadow imps
  14 white imps
  3 ufetubi
  9 oozes
  3 worms
  An adder skeleton (D:4)
  2 dart slugs (D:1)
  6 leopard geckos
  117 orcs
  9 giant cockroaches
  7 goblins
  3 hobgoblins
  7 jackals
  12 kobolds
  8 quokkas
  2 ball pythons
  7 bats
  3 frilled lizards
  2 goblin zombies
  A hobgoblin zombie (D:8)
  A jackal skeleton (D:5)
  2 kobold zombies (D:8)
  A leopard gecko skeleton (D:8)
  3 orc zombies
  A quokka zombie (D:9)
  20 rats
  A rat zombie (D:8)
  2 bushes (Zot:4)
  A butterfly (Lair:3)
  4 fungi (Zot:4)
  2 plants
2138 creatures vanquished.

Vanquished Creatures (collateral kills)
  A yellow draconian (Zot:5)
1 creature vanquished.

Vanquished Creatures (others)
  2 tengu reavers (Vaults:3)
  A draconian knight (Zot:2)
  A torturous demonspawn (D:14)
  2 deep elf magi (Elf:1)
  A moth of wrath (Zot:4)
  A meliai (Abyss:3)
  A slime creature (Swamp:2)
  A fire giant simulacrum (Vaults:2)
  An ettin skeleton (Vaults:2)
  A naga (Snake:4)
  An ogre (Vaults:2)
  4 briar patches (Swamp:4)
  2 bushes
  A fire vortex (Volcano)
  18 fungi
  A lurking horror (Abyss:2)
  45 plants
84 creatures vanquished.

Grand Total: 2223 creatures vanquished

Notes
Turn   | Place    | Note
-------+----------+-------------------------------------------
     0 | D:1      | Flugkiller the Demonspawn Fighter began the quest for the
                  | Orb.
     0 | D:1      | Reached XP level 1. HP: 18/18 MP: 1/1
     2 | D:1      | Noticed a spriggan
     2 | D:1      | Noticed an ogre
     4 | D:1      | Noticed a felid
     4 | D:1      | Noticed a merfolk
     8 | D:1      | Noticed a gargoyle
     8 | D:1      | Noticed a halfling
    10 | D:1      | Noticed a human
    10 | D:1      | Noticed a ghoul
    12 | D:1      | Noticed a minotaur
    12 | D:1      | Noticed a dwarf
    14 | D:1      | Noticed a centaur
    14 | D:1      | Noticed a formicid
    16 | D:1      | Noticed a vine stalker
    16 | D:1      | Noticed a draconian
    18 | D:1      | Noticed a tengu
    20 | D:1      | Noticed a demonspawn
    20 | D:1      | Noticed a naga
    22 | D:1      | Noticed a troll
    22 | D:1      | Noticed a vampire
    24 | D:1      | Noticed an elf
    26 | D:1      | Noticed a demigod
    26 | D:1      | Noticed an octopode
    67 | D:1      | Reached skill level 2 in Unarmed Combat
   118 | D:1      | Gained mutation: You have a pair of small horns on your
                  | head. [demonic ancestry]
   118 | D:1      | Reached XP level 2. HP: 19/24 MP: 2/2
   506 | D:1      | Reached skill level 3 in Unarmed Combat
   819 | D:2      | Reached XP level 3. HP: 29/29 MP: 3/3
  1096 | D:2      | Noticed Sigmund
  1527 | D:2      | Noticed Terence
  1661 | D:2      | Found a transporter.
  1661 | D:2      | Found a transporter.
  1676 | D:2      | Found a white marble altar of Elyvilon.
  1677 | D:2      | Found a snail-covered altar of Cheibriados.
  1908 | D:2      | Reached skill level 4 in Unarmed Combat
  1908 | D:2      | Gained mutation: You are immune to rotting. [demonic
                  | ancestry]
  1908 | D:2      | Reached XP level 4. HP: 12/35 MP: 4/4
  2099 | D:2      | Became a worshipper of Cheibriados the Contemplative
  2171 | D:2      | Killed Terence
  2171 | D:2      | Reached skill level 1 in Invocations
  3159 | D:3      | Noticed Natasha
  3168 | D:3      | Killed Natasha
  3168 | D:3      | Reached XP level 5. HP: 41/41 MP: 6/6
  3239 | D:3      | Found a shattered altar of Ashenzari.
  3298 | D:3      | Found a sparkling altar of Nemelex Xobeh.
  3357 | D:3      | Reached * piety under Cheibriados
  3592 | D:3      | Noticed Natasha
  3597 | D:3      | Killed Natasha
  3766 | D:4      | Noticed Grinder
  3808 | D:3      | Killed Grinder
  3808 | D:3      | Reached skill level 5 in Unarmed Combat
  3808 | D:3      | Gained mutation: You are partially covered in sharp spines.
                  | [demonic ancestry]
  3808 | D:3      | Reached XP level 6. HP: 44/48 MP: 1/8
  3931 | D:4      | Gained mutation: Your movements are slightly less
                  | encumbered by armour. (ER -2) [demonic ancestry]
  3931 | D:4      | Reached XP level 7. HP: 55/55 MP: 9/9
  4011 | D:4      | Reached ** piety under Cheibriados
  4112 | D:4      | Reached skill level 5 in Fighting
  4135 | D:4      | Found a runed door.
  4139 | D:4      | Noticed hemabe's ghost (novice HuAr)
  4193 | D:4      | Found a runed door.
  4533 | D:4      | Killed hemabe's ghost
  4533 | D:4      | Reached skill level 6 in Unarmed Combat
  4533 | D:4      | Gained mutation: Your movements are less encumbered by
                  | armour. (ER -4) [demonic ancestry]
  4533 | D:4      | Reached XP level 8. HP: 55/65 MP: 8/10
  4627 | D:5      | Entered Level 5 of the Dungeon
  4669 | D:5      | Reached skill level 7 in Unarmed Combat
  4785 | D:5      | Noticed Ijyb
  4798 | D:5      | Killed Ijyb
  4815 | D:5      | Reached *** piety under Cheibriados
  4945 | D:5      | Found a sacrificial altar of Ru.
  4987 | D:5      | Reached skill level 1 in Dodging
  5687 | D:6      | Noticed Menkaure
  5697 | D:6      | Killed Menkaure
  5697 | D:6      | Gained mutation: You are mostly covered in sharp spines.
                  | [demonic ancestry]
  5697 | D:6      | Reached XP level 9. HP: 70/72 MP: 11/11
  5919 | D:6      | Reached **** piety under Cheibriados
  6387 | D:7      | Found a staircase to the Ecumenical Temple.
  6484 | D:7      | Reached skill level 8 in Unarmed Combat
  6552 | D:7      | Found a runed door.
  6556 | D:7      | Noticed Crazy Yiuf
  6559 | D:7      | Killed Crazy Yiuf
  6615 | D:8      | Reached skill level 5 in Armour
  6623 | D:8      | Noticed Maurice
  6807 | D:6      | Killed Maurice
  6961 | D:8      | Reached ***** piety under Cheibriados
  7007 | D:8      | Found a sand-covered staircase.
  7018 | Ossuary  | Entered an ossuary
  7182 | Ossuary  | Reached XP level 10. HP: 82/82 MP: 12/12
  7454 | D:8      | Got a heavily jewelled robe
  7469 | D:8      | Noticed an angel
  7470 | D:8      | Found a glowing silver altar of Zin.
  7706 | D:8      | Found a staircase to the Lair.
  8144 | D:9      | Noticed a two-headed ogre
  8155 | D:9      | Killed a two-headed ogre
  8155 | D:9      | Reached skill level 5 in Invocations
  8174 | D:9      | Reached skill level 5 in Dodging
  8301 | D:9      | Noticed a two-headed ogre
  8311 | D:9      | Killed a two-headed ogre
  8311 | D:9      | Reached skill level 9 in Unarmed Combat
  8909 | D:9      | Found a bloodstained altar of Trog.
  9214 | D:9      | Noticed Joseph
  9224 | D:9      | Killed Joseph
  9255 | D:10     | Entered Level 10 of the Dungeon
  9312 | D:10     | Noticed a two-headed ogre
  9316 | D:10     | Killed a two-headed ogre
  9316 | D:10     | Gained mutation: Your movements are significantly less
                  | encumbered by armour. (ER -6) [demonic ancestry]
  9316 | D:10     | Reached XP level 11. HP: 81/87 MP: 16/16
  9748 | D:10     | Reached ****** piety under Cheibriados
  9984 | D:11     | Noticed a two-headed ogre
  9990 | D:11     | Killed a two-headed ogre
 10303 | D:11     | Reached skill level 10 in Unarmed Combat
 11220 | Lair:1   | Entered Level 1 of the Lair of Beasts
 11436 | Lair:1   | Noticed an eight-headed hydra
 11448 | Lair:1   | Killed an eight-headed hydra
 11635 | Lair:1   | Reached XP level 12. HP: 87/94 MP: 19/19
 12386 | Lair:1   | Reached skill level 10 in Invocations
 12708 | Lair:2   | You fall through a shaft for 2 floors!
 12720 | Lair:4   | Noticed an eight-headed hydra
 12732 | Lair:4   | Killed an eight-headed hydra
 12871 | Lair:3   | Reached skill level 11 in Unarmed Combat
 12885 | Lair:3   | Found a staircase to the Snake Pit.
 13170 | Lair:3   | Found a staircase to the Swamp.
 13366 | Lair:3   | Reached XP level 13. HP: 99/99 MP: 21/21
 14064 | Lair:2   | Reached skill level 10 in Armour
 15043 | Lair:4   | Got a brightly glowing robe
 15046 | Lair:4   | Found a runed door.
 15048 | Lair:4   | Noticed PikkenKukken's ghost (journeyman OgTm)
 15055 | Lair:4   | Reached skill level 12 in Unarmed Combat
 15083 | Lair:4   | Killed PikkenKukken's ghost
 15083 | Lair:4   | Reached skill level 10 in Dodging
 16446 | Lair:6   | Entered Level 6 of the Lair of Beasts
 16502 | Lair:6   | Found a staircase to the Slime Pits.
 16606 | Lair:6   | Gained mutation: You have a pair of horns on your head.
                  | [demonic ancestry]
 16606 | Lair:6   | Reached XP level 14. HP: 86/106 MP: 17/22
 16638 | Lair:6   | Found a frozen archway.
 16647 | IceCv    | Entered an ice cave
 16654 | IceCv    | Reached skill level 13 in Unarmed Combat
 16897 | IceCv    | Found an ancient bone altar of Kikubaaqudgha.
 17928 | Lair:6   | Found a runed gate.
 17932 | Lair:6   | Found a runed gate.
 17932 | Lair:6   | Found a runed gate.
 17994 | Lair:6   | Noticed Morbidden's ghost (journeyman VSFi)
 18006 | Lair:6   | Reached skill level 5 in Shields
 18813 | D:12     | Found a staircase to the Orcish Mines.
 18942 | D:12     | Reached skill level 14 in Unarmed Combat
 19419 | D:12     | Identified a scroll of acquirement
 19908 | D:13     | Noticed Snorg
 19914 | D:13     | Killed Snorg
 19916 | D:13     | Found a flagged portal.
 19929 | Bailey   | Entered a bailey
 20091 | Bailey   | Identified the +8 ice dragon scales "Pigolis" {-Tele rF-
                  | rC++ MR+ Regen+ Dex+4}
 20108 | Bailey   | Reached skill level 10 in Fighting
 20610 | D:13     | Reached XP level 15. HP: 115/115 MP: 23/23
 20916 | D:14     | Found Zishotet's Magic Scroll Emporium.
 20919 | D:14     | Bought a scroll of blinking for 82 gold pieces
 20919 | D:14     | Bought a scroll of teleportation for 33 gold pieces
 20919 | D:14     | Bought a scroll of magic mapping for 38 gold pieces
 20919 | D:14     | Bought a scroll of magic mapping for 38 gold pieces
 21522 | D:14     | Found a gate to the Vaults.
 21842 | D:15     | Entered Level 15 of the Dungeon
 22041 | D:15     | Reached skill level 15 in Unarmed Combat
 22161 | D:15     | Noticed Louise
 22697 | D:15     | Found a staircase to the Depths.
 23057 | Orc:1    | Entered Level 1 of the Orcish Mines
 23123 | Orc:1    | Found Vumeatt's Food Shoppe.
 23306 | Orc:1    | Paralysed by an orc sorcerer for 6 turns
 23534 | Orc:1    | Found Papi's Distillery.
 23707 | Orc:1    | Found Qositwo's Book Shop.
 23903 | Orc:2    | Entered Level 2 of the Orcish Mines
 23955 | Orc:2    | Found Nuekhleoj's Jewellery Shop.
 23968 | Orc:2    | Found a dark tunnel.
 23975 | Volcano  | Entered a volcano
 24765 | Orc:2    | Noticed an orc warlord
 24796 | Orc:2    | Killed an orc warlord
 25056 | Orc:2    | Found a roughly hewn altar of Beogh.
 25060 | Orc:2    | Found Qatwep's General Store.
 25092 | Orc:2    | Bought a scroll of teleportation for 33 gold pieces
 25101 | Orc:2    | Found Anannud's Antique Weapon Shoppe.
 25182 | Orc:2    | Found a burning altar of Makhleb.
 25227 | Orc:2    | Got a shimmering whip
 25238 | Orc:2    | Found a radiant altar of Vehumet.
 25284 | Orc:2    | Found a staircase to the Elven Halls.
 25412 | Orc:2    | Found Qehomuo's Antique Armour Shoppe.
 25427 | Orc:2    | Found Qategepn's Jewellery Shoppe.
 25752 | Orc:2    | Bought the ring "Qong" {rElec EV+3} for 525 gold pieces
 25770 | Orc:2    | Bought an uncursed ring of protection from fire for 325
                  | gold pieces
 25995 | Swamp:1  | Entered Level 1 of the Swamp
 26677 | Swamp:1  | Gained mutation: You are robust. (+10% HP) [demonic
                  | ancestry]
 26677 | Swamp:1  | Reached XP level 16. HP: 119/138 MP: 21/24
 27082 | Swamp:1  | Reached skill level 16 in Unarmed Combat
 28045 | Swamp:3  | Noticed a thorn hunter
 28048 | Swamp:3  | Noticed a thorn hunter
 28189 | Swamp:2  | Killed a thorn hunter
 28252 | Swamp:3  | Killed a thorn hunter
 28976 | Swamp:4  | Entered Level 4 of the Swamp
 29245 | Swamp:4  | Reached skill level 17 in Unarmed Combat
 29377 | Swamp:4  | Reached XP level 17. HP: 92/148 MP: 13/25
 29474 | Swamp:4  | Got a decaying rune of Zot
 29961 | Snake:1  | Entered Level 1 of the Snake Pit
 30428 | Snake:2  | Noticed Vashnia
 30771 | Snake:2  | Killed Vashnia
 30781 | Snake:2  | Noticed Agnes
 30861 | Snake:2  | Killed Agnes
 30927 | Snake:2  | Got a shimmering leather armour
 30928 | Snake:2  | Identified the +3 leather armour of Tulips {-Tele Str+7
                  | SInv Stlth-} (You found it on level 2 of the Snake Pit)
 31165 | Snake:2  | Found Plog's Distillery.
 31166 | Snake:2  | Found Biylontoj's Weapon Shoppe.
 31166 | Snake:2  | Found Mafach's Magic Scroll Emporium.
 31171 | Snake:2  | Bought a potion of heal wounds for 85 gold pieces
 31171 | Snake:2  | Found Vaozyck's Assorted Antiques.
 31174 | Snake:2  | Bought a scroll of teleportation for 51 gold pieces
 31174 | Snake:2  | Bought a scroll of teleportation for 51 gold pieces
 31174 | Snake:2  | Bought a scroll of teleportation for 51 gold pieces
 31184 | Snake:2  | Bought a translucent lapis lazuli ring for 195 gold pieces
 31184 | Snake:2  | Identified the ring "Rahin" {rN+ Int+3 Dex+3} (You bought
                  | it in a shop on level 2 of the Snake Pit)
 32750 | Snake:4  | Entered Level 4 of the Snake Pit
 32757 | Snake:4  | Reached skill level 18 in Unarmed Combat
 32832 | Snake:4  | Found an ornate altar of the Wu Jian Council.
 33173 | Snake:4  | Gained mutation: You have a pair of large horns on your
                  | head. [demonic ancestry]
 33173 | Snake:4  | Reached XP level 18. HP: 114/158 MP: 26/26
 33806 | Snake:4  | Got a serpentine rune of Zot
 33885 | Snake:4  | Found Pisoirep's Weapon Shop.
 33885 | Snake:4  | Found Mosat's Book Boutique.
 33892 | Snake:4  | Found Zylaokh's Armour Shop.
 33898 | Snake:4  | Bought a book of Battle for 400 gold pieces
 33902 | Snake:4  | Learned a level 3 spell: Regeneration
 34232 | Elf:1    | Entered Level 1 of the Elven Halls
 34244 | Elf:1    | Reached skill level 1 in Necromancy
 34246 | Elf:1    | Reached skill level 1 in Charms
 34248 | Elf:1    | Reached skill level 1 in Spellcasting
 35126 | Elf:1    | Got a ripped robe
 35349 | Elf:2    | Found Dicwal's Antique Weapon Emporium.
 35356 | Elf:2    | Reached skill level 5 in Necromancy
 35530 | Elf:2    | Found a runed gate.
 35530 | Elf:2    | Found a runed gate.
 35540 | Elf:2    | Found a runed gate.
 35859 | Elf:3    | Entered Level 3 of the Elven Halls
 36009 | Elf:3    | Gained mutation: You may emit foul miasma when damaged in
                  | melee. [demonic ancestry]
 36009 | Elf:3    | Reached XP level 19. HP: 167/167 MP: 25/27
 36106 | Elf:3    | Found an ancient bone altar of Kikubaaqudgha.
 36114 | Elf:3    | Reached skill level 10 in Shields
 37025 | Elf:3    | Identified the ring "Coafekuo" {Ice rPois Dex+4}
 37027 | Elf:3    | Reached skill level 19 in Unarmed Combat
 37306 | Elf:3    | Identified the ring "Borri" {rElec rF+ rC++ Int+2 Stlth-}
 37329 | Elf:3    | Found the +8 lance "Wyrmbane" {slay drac, rPois rF+ rC+
                  | AC+3}
 37352 | Elf:3    | Identified the Papyrus of Lucky Fire
 37361 | Elf:3    | Identified the +1 scale mail of Unreason {+Fly} (You found
                  | it on level 3 of the Elven Halls)
 37372 | Elf:3    | Identified the +3 rapier of Tutreclya {freeze, *Corrode rC+
                  | Str+4 SInv} (You found it on level 3 of the Elven Halls)
 37374 | Elf:3    | Identified the cursed +2 hand axe "Konla" {antimagic, Str+3
                  | Dex+4} (You found it on level 3 of the Elven Halls)
 37390 | Elf:3    | Identified the amulet "Maseolud" {RegenMP Dex+3} (You found
                  | it on level 3 of the Elven Halls)
 37396 | Elf:3    | Identified the ring of Itauloza {*Tele Str-4 Slay+6} (You
                  | found it on level 3 of the Elven Halls)
 37621 | Vaults:1 | Entered Level 1 of the Vaults
 37799 | Vaults:1 | Reached skill level 15 in Fighting
 38413 | Vaults:1 | Found Ograetys's Weapon Boutique.
 38452 | Vaults:1 | Found a runed gate.
 38452 | Vaults:1 | Found a runed gate.
 38452 | Vaults:1 | Found a runed gate.
 38453 | Vaults:1 | Noticed Qyisuosupp's ghost (adept MiBe)
 39170 | Vaults:2 | Reached XP level 20. HP: 179/179 MP: 28/28
 39257 | Vaults:2 | Found a staircase to the Crypt.
 40365 | Vaults:3 | Noticed Sojobo
 40381 | Vaults:3 | Killed Sojobo
 40638 | Vaults:3 | Reached skill level 20 in Unarmed Combat
 40891 | Vaults:3 | Found Ixithic's Distillery.
 40899 | Vaults:3 | Bought a potion of cancellation for 128 gold pieces
 41200 | Vaults:3 | Identified the +13 plate armour "Katreraw" {rElec} (You
                  | found it on level 3 of the Vaults)
 41753 | Vaults:4 | Noticed Saint Roka
 41784 | Vaults:4 | Killed Saint Roka
 41999 | Vaults:4 | Found Laenuup's General Store.
 42056 | Vaults:4 | Gained mutation: You frequently emit foul miasma when
                  | damaged in melee. [demonic ancestry]
 42056 | Vaults:4 | Reached XP level 21. HP: 190/190 MP: 25/29
 42831 | Depths:1 | Entered Level 1 of the Depths
 42844 | Depths:1 | Found a gateway to Hell.
 43078 | Depths:1 | Got a warped robe
 43090 | Depths:1 | Found a blossoming altar of Fedhas.
 43203 | Depths:1 | Found a shadowy altar of Dithmenos.
 43548 | Depths:1 | Got a bloodstained war axe
 43550 | Depths:1 | Got a heavily runed tin ring
 43551 | Depths:1 | Identified the ring "Fiaptul" {Wiz +Fly rElec rN+ Slay+3}
                  | (You found it on level 1 of the Depths)
 43553 | Depths:1 | Identified the +6 war axe of Vonlecy {elec, *Rage +Fly rC+
                  | SInv} (You found it on level 1 of the Depths)
 43694 | Depths:1 | Got a crude ivory ring
 43841 | Depths:1 | Found a one-way gate leading to the halls of Pandemonium.
 43980 | Depths:1 | Found a gateway to a ziggurat.
 44243 | Depths:2 | Identified the +2 robe of Surprise {rC++ MR+ Int+3}
 44311 | Depths:2 | Found Mylish's Book Shop.
 44383 | Depths:2 | Found a one-way gate to the infinite horrors of the Abyss.
 44461 | Depths:2 | Reached skill level 21 in Unarmed Combat
 44473 | Depths:2 | Noticed a juggernaut
 44484 | Depths:2 | Killed a juggernaut
 44484 | Depths:2 | Gained mutation: You are very robust. (+20% HP) [demonic
                  | ancestry]
 44484 | Depths:2 | Reached XP level 22. HP: 145/220 MP: 27/30
 44742 | Depths:2 | Identified the ring of Zuryof {*Tele rC+++ rN+ MR- SInv}
                  | (You found it on level 1 of the Depths)
 44878 | Depths:2 | You fall through a shaft for 2 floors!
 44878 | Depths:4 | Found the amulet of Vitality {Regen+ HP+15}
 44879 | Depths:4 | lol
 45076 | Depths:4 | Noticed a greater mummy
 45084 | Depths:4 | Killed a greater mummy
 45251 | Depths:4 | Reached skill level 15 in Shields
 45753 | Depths:3 | Found a runed gate.
 45753 | Depths:3 | Found a runed gate.
 45753 | Depths:3 | Found a runed gate.
 45757 | Depths:3 | Found a runed gate.
 45757 | Depths:3 | Found a runed gate.
 45757 | Depths:3 | Found a runed gate.
 45758 | Depths:3 | Found the +2 Maxwell's thermic engine {flame, freeze}
 46527 | Depths:3 | Noticed a caustic shrike
 46542 | Depths:3 | Killed a caustic shrike
 46639 | Depths:3 | Found the +0 pair of fencer's gloves {Riposte Dex+3}
 47389 | Depths:4 | Identified the cursed +1 leather armour of Dexuilum
                  | {*Contam rElec Dex+4}
 47401 | Depths:4 | Gained mutation: You are completely covered in sharp
                  | spines. [demonic ancestry]
 47401 | Depths:4 | Reached XP level 23. HP: 215/232 MP: 29/33
 47579 | Depths:4 | Identified the +2 hand axe of Dim Light {drain, Int+4} (You
                  | found it on level 4 of the Depths)
 48069 | Depths:5 | Entered Level 5 of the Depths
 48158 | Depths:5 | Noticed a juggernaut
 48170 | Depths:5 | Killed a juggernaut
 48235 | Depths:5 | Reached skill level 15 in Invocations
 48284 | Depths:5 | Reached skill level 22 in Unarmed Combat
 48312 | Depths:5 | Noticed a juggernaut
 48323 | Depths:5 | Killed a juggernaut
 49212 | Depths:5 | Found a gate to the Realm of Zot.
 49533 | D:15     | Killed Louise
 49855 | Depths:2 | Voluntarily entered the Abyss.
 49855 | Abyss:1  | Found a corrupted altar of Lugonu.
 50024 | Abyss:2  | Found a corrupted altar of Lugonu.
 50031 | Abyss:2  | Found a radiant altar of Vehumet.
 50035 | Abyss:2  | Identified the +0 scale mail of the Tormentor {Int+2} (You
                  | found it on level 2 of the Abyss)
 50399 | Abyss:3  | Learned a level 1 spell: Apportation
 50403 | Abyss:3  | Got an abyssal rune of Zot
 50406 | Depths:2 | Escaped the Abyss
 50591 | Zot:1    | Entered Level 1 of the Realm of Zot
 50782 | Zot:4    | Reached XP level 24. HP: 182/244 MP: 34/34
 51126 | Zot:4    | Noticed a Killer Klown
 51138 | Zot:4    | Killed a Killer Klown
 51847 | Zot:5    | Entered Level 5 of the Realm of Zot
 52084 | Zot:5    | Found a runed gate.
 52084 | Zot:5    | Found a runed gate.
 52084 | Zot:5    | Found a runed gate.
 52084 | Zot:5    | Noticed an ancient lich
 52085 | Zot:5    | Noticed an ancient lich
 52085 | Zot:5    | Noticed an ancient lich
 52086 | Zot:5    | Noticed an ancient lich
 52090 | Zot:5    | Found an ancient bone altar of Kikubaaqudgha.
 52090 | Zot:5    | Noticed Flugkiller's ghost (legendary VSFi)
 52520 | Zot:5    | Noticed an ancient lich
 52524 | Zot:5    | Killed an ancient lich
 52564 | Zot:5    | Noticed an ancient lich
 52571 | Zot:5    | Killed an ancient lich
 52572 | Zot:5    | Noticed an ancient lich
 52575 | Zot:5    | Noticed an orb of fire
 52591 | Zot:5    | Gained mutation: You are dopey. (Int -2) [an orb of fire]
 52592 | Zot:5    | Killed an orb of fire
 52596 | Zot:5    | Killed an ancient lich
 52596 | Zot:5    | Reached skill level 23 in Unarmed Combat
 52746 | Zot:5    | Noticed a Killer Klown
 52770 | Zot:5    | Noticed an ancient lich
 52780 | Zot:5    | Killed an ancient lich
 52791 | Zot:5    | Killed a Killer Klown
 52925 | Zot:5    | Noticed an orb of fire
 52940 | Zot:5    | Gained mutation: Your spells are a little easier to cast,
                  | but a little less powerful. [an orb of fire]
 52946 | Zot:5    | Killed an orb of fire
 52983 | Zot:5    | Noticed an orb of fire
 52985 | Zot:5    | Gained mutation: Armour fits poorly on your strangely
                  | shaped body. [an orb of fire]
 52989 | Zot:5    | Gained mutation: Scrolls take you a little longer to read.
                  | [an orb of fire]
 52992 | Zot:5    | Gained mutation: Scrolls take you longer to read. [an orb
                  | of fire]
 53003 | Zot:5    | Gained mutation: Your body sometimes deteriorates upon
                  | taking damage. [an orb of fire]
 53004 | Zot:5    | Killed an orb of fire
 53004 | Zot:5    | Reached XP level 25. HP: 232/256 MP: 34/34
 53137 | Zot:5    | Noticed a Killer Klown
 53137 | Zot:5    | Noticed a Killer Klown
 53140 | Zot:5    | Noticed a Killer Klown
 53143 | Zot:5    | Noticed a Killer Klown
 53149 | Zot:5    | Noticed a Killer Klown
 53150 | Zot:5    | Killed a Killer Klown
 53155 | Zot:5    | Killed a Killer Klown
 53214 | Zot:5    | Killed a Killer Klown
 53219 | Zot:5    | Reached skill level 15 in Armour
 53219 | Zot:5    | Reached skill level 15 in Dodging
 53316 | Zot:5    | Killed a Killer Klown
 53522 | Zot:5    | Found a runed gate.
 53522 | Zot:5    | Found a runed gate.
 53522 | Zot:5    | Found an ancient bone altar of Kikubaaqudgha.
 53522 | Zot:5    | Found a runed gate.
 53887 | Zot:5    | Killed a Killer Klown
 53926 | Zot:5    | Noticed an orb of fire
 53928 | Zot:5    | Noticed a Killer Klown
 53942 | Zot:5    | Killed an orb of fire
 53952 | Zot:5    | Killed a Killer Klown
 54000 | Zot:5    | Noticed an ancient lich
 54009 | Zot:5    | Killed an ancient lich
 54227 | Zot:5    | Got the Orb of Zot
 54456 | Depths:5 | Noticed Reduovik the pandemonium lord
 54464 | Depths:5 | Killed Reduovik the pandemonium lord
 54473 | Depths:5 | Noticed Puyvut the pandemonium lord
 54497 | Depths:4 | Killed Puyvut the pandemonium lord
 54912 | D:3      | Noticed Natasha
 54916 | D:3      | Killed Natasha
 55016 | D:1      | gg
 55017 | D:$      | Escaped with the Orb!

Vault maps used:
D:1:      kb_arrival_jail, fountainhead, minmay_misc_feat_iff
D:2:      gammafunk_temple_overflow_arena, first_ration, uniq_terence,
          uniq_sigmund
D:3:      minmay_skewed_foursquare, nemelex_altar_shiori,
          cheibrodos_ashenzari_chains, uniq_natasha
D:4:      ebering_ghost_sewer_f, uniq_grinder
D:5:      basic_altar, uniq_ijyb
D:6:      uniq_menkaure
D:7:      temple_doors_ab, uniq_crazy_yiuf_cottage
D:8:      zin_angel, david_lair_shrubbed, enter_ossuary_4,
          hangedman_little_slice_of_home, grunt_ministairs_8,
          minmay_mini_ossuary, uniq_maurice
D:9:      minmay_clustersquares, lemuel_crystal_altar, uniq_joseph
D:12:     orc_0_dummy, minmay_statues_item
D:13:     enter_bailey_2, lemuel_another_geyser, uniq_snorg
D:14:     lightli_vaults_fourway_checkpoint, minivault_25, serial_shops,
          kennysheep_mini_moat, minmay_misc_feat_doors, minmay_between
D:15:     gammafunk_enter_depths_forms, serial_bayou_pond_e, solitary_fountain,
          st_stairs_7, chequers_jeans, uniq_louise
Lair:2:   chequers_serial_rivers_micro_e, fungi_pond_lemuel,
          small_statue_intersection, grunt_megastairs_3
Lair:3:   lemuel_ratsnest, swamp_mist, lemuel_fruit_fields,
          serial_bayou_shore_b, serial_bayou_shore_b
Lair:4:   ebering_ghost_inner_flame
Lair:5:   grunt_megastairs_5, minmay_lair_oklob_chamber, lemuel_fruit_fields
Lair:6:   minmay_lair_end_frog_pond, nicolae_slime_entry_slimehenge,
          portal_ice_cave_entry_ice_beasts, maelrawn_ghost_gauntlet_escape
Swamp:1:  wheals_swamp_sinkhole
Swamp:2:  hangedman_swamp_ruin_wall
Swamp:3:  evilmike_swamp_ruin_house_1
Swamp:4:  swamp
Snake:2:  lemuel_fruit_tree, minmay_shoptagon, uniq_vashnia, uniq_agnes
Snake:3:  nicolae_snake_salamander_stairs
Snake:4:  minmay_snake_end_coiled, nicolae_snake_linked_coils,
          lemuel_oklob_altar, minmay_shop_star
Orc:1:    serial_shops, shop, shop_fountains, shop
Orc:2:    grunt_orc_cross, nicolae_volcano_entry_hallway, serial_shops, shop,
          basic_altar, bloody_makhleb
Elf:1:    minmay_elf_arrival_circle, kennysheep_underground_church
Elf:2:    serial_shops, nicolae_shop_crystal
Elf:3:    elf_hall, basic_altar
Vaults:1: gammafunk_vaults_ghost_tricky_traps, v_rooms_3,
          nicolae_vaults_inception_corners, grunt_vaults_twisty,
          nicolae_vaults_stairing_the_circle, st_squares,
          hangedman_vaults_capsules, v_rooms_6, grunt_vaults_focal,
          nicolae_vaults_gold_heap, ontoclasm_vaults_loading_screen,
          serial_shops, shop
Vaults:2: vaults_mumra_minichess, ontoclasm_vaults_loading_screen,
          vaults_room_fours, ontoclasm_vaults_twist
Vaults:3: serial_ice_m, v_misc_3, v_pattern_4, hangedman_vaults_snaps,
          nicolae_vaults_specimen_jars, nicolae_vaults_big_angled_halls,
          ontoclasm_vaults_ligature, vaults_mumra_hexcomb, serial_shops, shop,
          uniq_sojobo
Vaults:4: grunt_vaults_swirl, v_misc_8, nicolae_vaults_an_arrangement,
          v_alt_pattern_1, v_pattern_5, grunt_vaults_hallway_long,
          vaults_dpeg_doors, nicolae_vaults_network_square,
          hangedman_vaults_stitches, v_misc_25, v_misc_27, serial_shops,
          nicolae_shop_stone, uniq_saint_roka
Depths:1: enter_ziggurat_d, rand_demon_pan_entry_4, minivault_11, hell_entry,
          hangedman_feature_mirror, minmay_curled_crystal, minmay_multi_spiral
Depths:2: cheibrodos_hall_of_evolution, serial_shops, shop, abyss_entry,
          chequers_serial_rivers_large_a, grunt_mini_vestibule
Depths:3: kennysheep_bubbly, minmay_misc_feat_tiny, rand_demon_pan_entry_1,
          hell_entry, minmay_room_of_horrors, serial_rivers,
          chequers_serial_rivers_small_b, chequers_serial_rivers_micro_a,
          chequers_serial_rivers_micro_b, chequers_serial_rivers_micro_a,
          brannock_guarded_unrand_thermic_engine, infiniplex_staircase_squiggle
Depths:4: ragdoll_tomb_raider, grunt_hell_entry_dis_grunt, abyss_entry,
          chequers_serial_rivers_room_b, minivault_10,
          minmay_fractal_squares_diagonal_5
Depths:5: evilmike_zot_entry_hall, grunt_pan_entry_in_and_out, hell_entry,
          nicolae_twisting_strands, hangedman_glass_teeth, grunt_ministairs_11
Zot:3:    grunt_megastairs_2
Zot:4:    grunt_zot_stairs_overgrown
Zot:5:    gammafunk_ghost_crypt
Abyss:3:  eino_small_chamber_without_monster, grunt_abyss_rune_wretched_hive,
          minivault_23
Ossuary:  ossuary_crypta
Bailey:   bailey_polearm_1, bailey
IceCv:    ice_cave_small_necro
Volcano:  volcano_aerie

Skill      XL: |  1  2  3  4  5  6  7  8  9 10 11 12 13 14 15 16 17 18 19 20 21 22 23 24 25 |
---------------+----------------------------------------------------------------------------+-----
Unarmed Combat | 2 3 4 5 6 7 8 9 10 11 12 14 15 17 18 19 20 21 22 23 | 23.6
Invocations    | 1 3 7 9 11 14 15 | 15.0
Armour         | 3 4 5 7 8 9 11 12 13 14 15 | 15.5
Fighting       | 4 6 7 8 10 11 12 13 14 15 16 18 19 20 21 | 21.8
Dodging        | 2 4 6 7 9 11 12 13 14 15 | 15.5
Shields        | 6 8 9 11 13 14 15 | 15.0
Necromancy     | 5 |  5.3
Charms         | 4 |  4.4
Spellcasting   | 3 |  3.0

Action                   |  1- 3 |  4- 6 |  7- 9 | 10-12 | 13-15 | 16-18 | 19-21 | 22-24 | 25-27 || total
-------------------------+-------+-------+-------+-------+-------+-------+-------+-------+-------++-------
Melee: Unarmed           |   148 |   172 |   253 |   580 |  1304 |  1290 |  1311 |  1171 |   219 ||  6448
       Headbutt          |    15 |    41 |    94 |   227 |   535 |   500 |   531 |   506 |    97 ||  2546
 Cast: Regeneration      |       |       |       |       |       |       |     7 |    40 |    15 ||    62
       Apportation       |       |       |       |       |       |       |       |     4 |       ||     4
Invok: Bend Time         |       |     2 |     1 |     8 |    38 |    49 |    41 |    22 |     5 ||   166
       Slouch            |       |       |       |       |     6 |     2 |    10 |     2 |     1 ||    21
       Temporal Distorti |       |       |       |       |     2 |     1 |       |       |       ||     3
       Step From Time    |       |       |       |       |     1 |     2 |       |       |     2 ||     5
Evoke: Wand              |       |       |       |       |     5 |     1 |     1 |     1 |       ||     8
       Lamp of fire      |       |       |       |       |       |       |     1 |     1 |     1 ||     3
  Use: Scroll            |     5 |     8 |    10 |     6 |     8 |     8 |     9 |    19 |     4 ||    77
       Potion            |       |     3 |       |       |     5 |     5 |       |     3 |     9 ||    25
 Stab: Confused          |       |       |       |       |     3 |     3 |       |       |       ||     6
       Sleeping          |       |       |       |       |       |    14 |     5 |     1 |       ||    20
       Distracted        |       |       |       |       |       |     4 |       |       |       ||     4
  Eat: Chunk             |     2 |     4 |     5 |    10 |    10 |    13 |    20 |    10 |       ||    74
       Ration            |       |     1 |       |     1 |     6 |     3 |     1 |     4 |     3 ||    19
Armor: Scale mail        |    76 |    38 |       |       |       |       |       |       |       ||   114
       Chain mail        |       |    14 |    86 |   198 |   346 |       |       |       |       ||   644
       Ice dragon scales |       |       |       |       |     9 |   355 |   100 |       |       ||   464
       Plate armour      |       |       |       |       |       |       |   149 |   293 |    63 ||   505
Dodge: Dodged            |    38 |    51 |    99 |   387 |  1018 |  1190 |   873 |   619 |   104 ||  4379
Block: Shield            |    65 |    15 |       |       |   660 |  1182 |  1029 |   827 |   159 ||  3937
       Buckler           |       |    43 |    67 |   252 |   324 |       |       |       |       ||   686
       Rpst.: Unarmed    |       |       |       |       |       |       |       |    57 |    18 ||    75

Table legend:
 A = Non-vault XP
 B = Vault XP
 C = Vault XP percentage of total XP
 D = Non-vault monster count
 E = Vault monster count
 F = Vault count percentage of total count
                 A         B        C        D         E       F
            +---------+---------+-------+---------+---------+-------
      Total |  689853 |  573567 |  45.4 |    1372 |     750 |  35.3
            +---------+---------+-------+---------+---------+-------
        D:1 |      39 |       0 |   0.0 |      22 |       0 |   0.0
        D:2 |      48 |      81 |  62.8 |      14 |       4 |  22.2
        D:3 |     140 |     348 |  71.3 |      21 |      10 |  32.3
        D:4 |     571 |     582 |  50.5 |      27 |       4 |  12.9
        D:5 |     477 |      36 |   7.0 |      11 |       1 |   8.3
        D:6 |     839 |     634 |  43.0 |      21 |       2 |   8.7
        D:7 |     862 |      39 |   4.3 |      16 |       1 |   5.9
        D:8 |    2033 |     767 |  27.4 |      19 |      21 |  52.5
        D:9 |    1761 |    2531 |  59.0 |      21 |      12 |  36.4
       D:10 |    2662 |       0 |   0.0 |      21 |       0 |   0.0
       D:11 |    4787 |       0 |   0.0 |      42 |       0 |   0.0
       D:12 |    7115 |       0 |   0.0 |      28 |       0 |   0.0
       D:13 |    4855 |    3588 |  42.5 |      20 |       6 |  23.1
       D:14 |    6154 |    6137 |  49.9 |      29 |      10 |  25.6
       D:15 |    5684 |    5478 |  49.1 |      21 |       8 |  27.6
     Lair:1 |    5102 |     422 |   7.6 |      18 |       2 |  10.0
     Lair:2 |    2559 |     350 |  12.0 |      16 |       1 |   5.9
     Lair:3 |    9519 |    1147 |  10.8 |      42 |      38 |  47.5
     Lair:4 |   10713 |    2443 |  18.6 |      31 |       2 |   6.1
     Lair:5 |    4677 |    1732 |  27.0 |      17 |       6 |  26.1
     Lair:6 |   13489 |   12447 |  48.0 |      48 |      57 |  54.3
    Swamp:1 |   10091 |       0 |   0.0 |      28 |       0 |   0.0
    Swamp:2 |   18991 |       0 |   0.0 |      39 |       0 |   0.0
    Swamp:3 |    8165 |       0 |   0.0 |      25 |       0 |   0.0
    Swamp:4 |   22341 |   18122 |  44.8 |      43 |      26 |  37.7
    Snake:1 |    5252 |     839 |  13.8 |      11 |       1 |   8.3
    Snake:2 |   10981 |    9178 |  45.5 |      22 |       5 |  18.5
    Snake:3 |   22351 |     511 |   2.2 |      44 |       1 |   2.2
    Snake:4 |   21780 |   24162 |  52.6 |      41 |      40 |  49.4
      Orc:1 |    4024 |       0 |   0.0 |      44 |       0 |   0.0
      Orc:2 |    1780 |    8539 |  82.8 |       9 |      39 |  81.2
      Elf:1 |   16679 |    5975 |  26.4 |      25 |      10 |  28.6
      Elf:2 |   22693 |    4012 |  15.0 |      39 |       4 |   9.3
      Elf:3 |   16091 |   37581 |  70.0 |      26 |      25 |  49.0
   Vaults:1 |    9487 |   22978 |  70.8 |      22 |      34 |  60.7
   Vaults:2 |   47427 |    5455 |  10.3 |      73 |      10 |  12.0
   Vaults:3 |   28221 |   28184 |  50.0 |      56 |      31 |  35.6
   Vaults:4 |   10875 |   33474 |  75.5 |      17 |      46 |  73.0
   Depths:1 |   27659 |   27785 |  50.1 |      35 |      26 |  42.6
   Depths:2 |   28038 |   20773 |  42.6 |      32 |      27 |  45.8
   Depths:3 |   38626 |   27015 |  41.2 |      52 |      27 |  34.2
   Depths:4 |   49391 |   27827 |  36.0 |      47 |      22 |  31.9
   Depths:5 |   61995 |   26784 |  30.2 |      40 |      32 |  44.4
      Zot:1 |    5221 |       0 |   0.0 |       2 |       0 |   0.0
      Zot:2 |   11672 |       0 |   0.0 |       9 |       0 |   0.0
      Zot:3 |    4310 |       0 |   0.0 |       1 |       0 |   0.0
      Zot:4 |   62458 |     587 |   0.9 |      43 |       1 |   2.3
      Zot:5 |   25161 |  185504 |  88.1 |      14 |      44 |  75.9
    Abyss:1 |    1095 |       0 |   0.0 |       4 |       0 |   0.0
    Abyss:2 |   12912 |       0 |   0.0 |      24 |       0 |   0.0
    Abyss:3 |       0 |    7425 | 100.0 |       0 |      14 | 100.0
    Ossuary |       0 |     271 | 100.0 |       0 |      12 | 100.0
     Bailey |       0 |    1220 | 100.0 |       0 |      21 | 100.0
      IceCv |       0 |    6279 | 100.0 |       0 |      54 | 100.0
    Volcano |       0 |    4325 | 100.0 |       0 |      13 | 100.0
            +---------+---------+-------+---------+---------+-------
